VEGAS vs DALLAS

Created - June 1, 2021 at 10:39

Goals
1 2 3 T
VEGAS 2 0 0 2
DALLAS 0 4 3 7
Shots
1 2 3 T
VEGAS 11 8 8 27
DALLAS 7 12 17 36

1st period

1. VEGAS , Oliver Bjorkstrand 29 (Vladimir Tarasenko 24, Sam Reinhart 47) at 6:13
2. VEGAS , Oliver Bjorkstrand 30 (Noah Hanifin 40, Sam Reinhart 48) at 18:26 (PP)

Penalties :
Charlie McAvoy (DAL) for Interference (Minor) at 11:09, Travis Konecny (DAL) for Hooking (Minor) at 17:23

2nd period

3. DALLAS , Travis Konecny 21 (Auston Matthews 49, Charlie McAvoy 47) at 9:03
4. DALLAS , Travis Konecny 22 (Quinn Hughes 33, Auston Matthews 50) at 12:48 (PP)
5. DALLAS , Evgenii Dadonov 24 (Charlie McAvoy 48, Alex Tuch 17) at 17:18
6. DALLAS , Alex Tuch 5 (Evgenii Dadonov 24, Charlie McAvoy 49) at 18:55

Penalties :
Adam Lowry (DAL) for Hooking (Minor) at 9:08, Jake Muzzin (VGK) for Slashing (Minor) at 12:24, Oliver Bjorkstrand (VGK) for Hooking (Minor) at 19:04

3rd period

7. DALLAS , Jakob Chychrun 11 (Quinn Hughes 34, Kasperi Kapanen 16) at 0:51 (PP)
8. DALLAS , Mikko Rantanen 34 (Quinn Hughes 35, Jakob Chychrun 40) at 2:16 (PP)
9. DALLAS , Mikko Rantanen 35 (Auston Matthews 51, Charlie McAvoy 50) at 17:10

Penalties :
Nikita Zadorov (VGK) for Interference (Minor) at 1:46

Goalie Stats

Tristan Jarry (VGK), 17 saves from 23 shots - (0.739), L, 6-5-0, 42:16 minutes
Braden Holtby (VGK), 12 saves from 13 shots - (0.923), 17:44 minutes
Marc-Andre Fleury (DAL), 25 saves from 27 shots - (0.926), W, 11-9-2, 60:00 minutes

Players Stats for VEGAS

Player Name              G  A  P  +/- PIM S  H  SB GA TA FO     MP     PP MP  PK MP  
------------------------------------------------------------------------------------
Braydon Coburn           0  0  0  -1  0   1  2  2  0  0  0/0    15:36   0:00   0:00 
Cody Glass               0  0  0  -1  0   3  0  0  0  0  5/12   12:57   0:45   0:00 
Colin Wilson             0  0  0  -1  0   0  0  1  0  0  0/0     8:55   0:12   0:00 
Devon Toews              0  0  0   0  0   4  0  0  0  0  0/0    20:03   2:41   0:33 
Jake Muzzin              0  0  0  -2  2   0  1  4  0  0  0/0    23:56   2:20   1:44 
Jayce Hawryluk           0  0  0  -1  0   0  2  0  0  0  4/8     8:43   0:00   0:00 
Jonathan Marchessault    0  0  0  -1  0   1  1  0  0  0  8/22   17:03   2:19   0:00 
Josh Anderson            0  0  0  -1  0   3  2  0  0  0  1/2    19:44   2:19   2:41 
Matt Luff                0  0  0  -1  0   0  0  0  0  0  0/1     8:43   0:00   0:00 
Max Comtois              0  0  0  -1  0   1  2  0  0  0  1/1    12:35   0:23   0:00 
Morgan Frost             0  0  0  -1  0   1  0  1  0  0  1/2    12:12   0:00   0:00 
Nikita Zadorov           0  0  0   0  2   2  7  1  0  0  0/0    20:12   2:41   0:43 
Noah Hanifin             0  1  1  -2  0   1  0  4  0  0  0/0    24:21   2:20   2:08 
Oliver Bjorkstrand       2  0  2   0  2   2  0  0  0  0  2/3    18:57   2:19   0:00 
Ondrej Kase              0  0  0  -1  0   1  0  0  0  0  0/1    16:52   2:08   0:00 
Sam Reinhart             0  2  2   0  0   2  1  0  0  0  12/27  21:39   2:19   2:41 
Slater Koekkoek          0  0  0  -1  0   1  3  3  0  0  0/0    15:50   0:00   0:14 
Vladimir Tarasenko       0  1  1   0  0   4  2  0  0  0  0/1    18:58   2:19   0:00 

Players Stats for DALLAS

Player Name              G  A  P  +/- PIM S  H  SB GA TA FO     MP     PP MP  PK MP  
------------------------------------------------------------------------------------
Adam Boqvist             0  0  0   0  0   1  0  1  0  0  0/0    16:31   0:00   1:05 
Adam Lowry               0  0  0   0  2   1  3  1  0  0  11/22  16:50   0:00   1:24 
Alex Tuch                1  1  2   2  0   2  2  0  0  0  0/0    13:14   0:00   0:55 
Auston Matthews          0  3  3   2  0   8  1  0  0  0  17/25  20:59   1:17   1:44 
Brady Skjei              0  0  0   0  0   0  2  0  0  0  0/0    22:28   1:03   1:59 
Charlie McAvoy           0  4  4   3  2   0  0  0  0  0  0/0    23:13   1:03   1:57 
Evgenii Dadonov          1  1  2   2  0   2  1  0  0  0  0/1    13:43   1:24   0:00 
Ilya Mikheyev            0  0  0  -1  0   0  0  0  0  0  2/2     6:34   0:00   0:00 
Jakob Chychrun           1  1  2   3  0   1  2  0  0  0  0/0    22:06   1:38   3:02 
Jason Spezza             0  0  0   2  0   0  0  0  0  0  11/15  13:49   0:00   1:30 
Kasperi Kapanen          0  1  1   0  0   1  0  0  0  0  0/0    18:32   1:24   1:41 
Kirby Dach               0  0  0  -1  0   1  0  0  0  0  2/6     6:34   0:00   0:00 
Lawson Crouse            0  0  0  -1  0   0  1  0  0  0  0/1     9:22   0:00   2:48 
Mikko Rantanen           2  0  2   2  0   6  1  0  0  0  3/4    19:22   1:24   0:00 
Nikita Zaitsev           0  0  0   0  0   2  2  1  0  0  0/0    17:25   0:00   1:59 
Quinn Hughes             0  3  3   0  0   1  0  1  0  0  0/0    18:16   1:38   0:00 
Timo Meier               0  0  0   0  0   3  2  0  0  0  0/2    16:44   1:17   0:00 
Travis Konecny           2  0  2   2  2   7  1  0  0  0  0/2    19:14   1:17   0:00 

3 Stars

1 - Mikko Rantanen (DAL)
2 - Jakob Chychrun (DAL)
3 - Charlie McAvoy (DAL)

Power Play

VEGAS - 1 on 3 Attempt(s) - 33.33%
DALLAS - 3 on 3 Attempt(s) - 100.00%

Penalty Kill

VEGAS - 0 on 3 Attempt(s) - 0.00% - Score 0 goal in Penalty Kill
DALLAS - 2 on 3 Attempt(s) - 66.67% - Score 0 goal in Penalty Kill

Team Stat

VEGAS - Hits : 23 - Faceoff Wins : 34 - Blocked Shots : 16 - Penalty Minutes : 6
DALLAS - Hits : 18 - Faceoff Wins : 46 - Blocked Shots : 4 - Penalty Minutes : 6

Official

Referees : Jon McIsaac and Brandon Schrader
Linesman : Jeff Walker and Vince Goulet

Game Notes

Braden Holtby enters game at 2:16 of 3rd period

Finance

Level 1 -- Attendance: 4441 (74.02%) -- Ticket Income $444,100
Level 2 -- Attendance: 2710 (54.20%) -- Ticket Income $216,800
Level 3 -- Attendance: 936 (46.80%) -- Ticket Income $56,160
Level 4 -- Attendance: 2263 (56.58%) -- Ticket Income $67,890
Luxury Box -- Attendance: 935 (93.50%) -- Ticket Income $112,200
Game was played at the American Airlines Center.
Total Attendance: 11285 (62.69%)
Total Ticket Income: $897,150
Total Income: $897,150

VEGAS

5 vs 5 Forward 
   Center                   Left Wing                Right Wing               Time % Phy DF OF 
 1 Sam Reinhart             Oliver Bjorkstrand       Vladimir Tarasenko       35     1   2  2  
 2 Jonathan Marchessault    Ondrej Kase              Josh Anderson            30     1   2  2  
 3 Cody Glass               Max Comtois              Morgan Frost             25     1   2  2  
 4 Jayce Hawryluk           Colin Wilson             Matt Luff                10     1   2  2  

5 vs 5 Defense 
   Defense                  Defense                                           Time % Phy DF OF 
 1 Jake Muzzin              Noah Hanifin                                      35     1   2  2  
 2 Nikita Zadorov           Devon Toews                                       30     1   2  2  
 3 Braydon Coburn           Slater Koekkoek                                   25     1   2  2  
 4 Jake Muzzin              Noah Hanifin                                      10     1   2  2  

PowerPlay Forward 
   Center                   Left Wing                Right Wing               Time % Phy DF OF 
 1 Sam Reinhart             Oliver Bjorkstrand       Vladimir Tarasenko       60     1   2  2  
 2 Jonathan Marchessault    Josh Anderson            Ondrej Kase              40     1   2  2  

PowerPlay Defense
   Defense                  Defense                                           Time % Phy DF OF 
 1 Jake Muzzin              Noah Hanifin                                      60     1   2  2  
 2 Nikita Zadorov           Devon Toews                                       40     1   2  2  

Penalty Kill 4 Players Forward 
   Center                   Wing                     Time % Phy DF OF 
 1 Sam Reinhart             Josh Anderson            60     1   2  2  
 2 Jonathan Marchessault    Oliver Bjorkstrand       40     1   2  2  

Penalty Kill 4 Players Defense
   Defense                  Defense                  Time % Phy DF OF 
 1 Jake Muzzin              Noah Hanifin             60     1   2  2  
 2 Nikita Zadorov           Devon Toews              40     1   2  2  

Penalty Kill - 3 Players Forward 
   Forward                                           Time % Phy DF OF 
 1 Jonathan Marchessault                             60     1   2  2  
 2 Sam Reinhart                                      40     1   2  2  

Penalty Kill - 3 Players Defense
   Defense                  Defense                  Time % Phy DF OF 
 1 Jake Muzzin              Noah Hanifin             60     1   2  2  
 2 Nikita Zadorov           Devon Toews              40     1   2  2  

4 vs 4 Forward 
   Center                   Wing                     Time % Phy DF OF 
 1 Vladimir Tarasenko       Sam Reinhart             60     1   2  2  
 2 Jonathan Marchessault    Oliver Bjorkstrand       40     1   2  2  

4 vs 4 Defense
   Defense                  Defense                  Time % Phy DF OF 
 1 Jake Muzzin              Noah Hanifin             60     1   2  2  
 2 Nikita Zadorov           Devon Toews              40     1   2  2  

Last Minutes Offensive
   Center                   Left Wing                Right Wing               Defense                  Defense                  
   Sam Reinhart             Oliver Bjorkstrand       Vladimir Tarasenko       Jake Muzzin              Noah Hanifin             

Last Minutes Defensive
   Center                   Left Wing                Right Wing               Defense                  Defense                  
   Jonathan Marchessault    Oliver Bjorkstrand       Josh Anderson            Jake Muzzin              Noah Hanifin             

Goaltenders
Starting : Tristan Jarry            
Backup : Braden Holtby            

Extra Forwards
Normal : Max Comtois, Cody Glass, Colin Wilson - PP : Cody Glass, Max Comtois - PK : Max Comtois
Extra Defensemen
Normal : Braydon Coburn, Slater Koekkoek, Nikita Zadorov - PP : Braydon Coburn - PK : Slater Koekkoek, Nikita Zadorov
Penalty Shots
Vladimir Tarasenko, Sam Reinhart, Jonathan Marchessault, Oliver Bjorkstrand, Josh Anderson

Scratches
VGK Cap Hit (Suspend)

DALLAS

5 vs 5 Forward 
   Center                   Left Wing                Right Wing               Time % Phy DF OF 
 1 Auston Matthews          Mikko Rantanen           Travis Konecny           35     0   1  4  
 2 Adam Lowry               Timo Meier               Kasperi Kapanen          30     1   1  3  
 3 Jason Spezza             Alex Tuch                Evgenii Dadonov          23     1   2  2  
 4 Kirby Dach               Lawson Crouse            Ilya Mikheyev            12     1   2  2  

5 vs 5 Defense 
   Defense                  Defense                                           Time % Phy DF OF 
 1 Charlie McAvoy           Jakob Chychrun                                    34     1   1  3  
 2 Quinn Hughes             Brady Skjei                                       33     1   1  3  
 3 Adam Boqvist             Nikita Zaitsev                                    23     1   2  2  
 4 Charlie McAvoy           Brady Skjei                                       10     1   1  3  

PowerPlay Forward 
   Center                   Left Wing                Right Wing               Time % Phy DF OF 
 1 Auston Matthews          Timo Meier               Travis Konecny           55     0   1  4  
 2 Mikko Rantanen           Evgenii Dadonov          Kasperi Kapanen          45     0   1  4  

PowerPlay Defense
   Defense                  Defense                                           Time % Phy DF OF 
 1 Charlie McAvoy           Brady Skjei                                       60     1   1  3  
 2 Quinn Hughes             Jakob Chychrun                                    40     1   1  3  

Penalty Kill 4 Players Forward 
   Center                   Wing                     Time % Phy DF OF 
 1 Adam Lowry               Lawson Crouse            60     0   4  1  
 2 Auston Matthews          Kasperi Kapanen          40     0   4  1  

Penalty Kill 4 Players Defense
   Defense                  Defense                  Time % Phy DF OF 
 1 Charlie McAvoy           Jakob Chychrun           50     1   4  0  
 2 Brady Skjei              Nikita Zaitsev           50     1   4  0  

Penalty Kill - 3 Players Forward 
   Forward                                           Time % Phy DF OF 
 1 Adam Lowry                                        60     0   5  0  
 2 Lawson Crouse                                     40     0   5  0  

Penalty Kill - 3 Players Defense
   Defense                  Defense                  Time % Phy DF OF 
 1 Brady Skjei              Charlie McAvoy           60     0   5  0  
 2 Nikita Zaitsev           Jakob Chychrun           40     0   5  0  

4 vs 4 Forward 
   Center                   Wing                     Time % Phy DF OF 
 1 Auston Matthews          Mikko Rantanen           60     1   1  3  
 2 Timo Meier               Evgenii Dadonov          40     1   2  2  

4 vs 4 Defense
   Defense                  Defense                  Time % Phy DF OF 
 1 Charlie McAvoy           Brady Skjei              60     1   1  3  
 2 Quinn Hughes             Jakob Chychrun           40     1   2  2  

Last Minutes Offensive
   Center                   Left Wing                Right Wing               Defense                  Defense                  
   Auston Matthews          Mikko Rantanen           Timo Meier               Charlie McAvoy           Brady Skjei              

Last Minutes Defensive
   Center                   Left Wing                Right Wing               Defense                  Defense                  
   Adam Lowry               Timo Meier               Lawson Crouse            Charlie McAvoy           Brady Skjei              

Goaltenders
Starting : Marc-Andre Fleury        
Backup : Ilya Samsonov            

Extra Forwards
Normal : Mikko Rantanen, Auston Matthews, Timo Meier - PP : Mikko Rantanen, Auston Matthews - PK : Lawson Crouse
Extra Defensemen
Normal : Jakob Chychrun, Charlie McAvoy, Brady Skjei - PP : Charlie McAvoy - PK : Brady Skjei, Charlie McAvoy
Penalty Shots
Mikko Rantanen, Jason Spezza, Auston Matthews, Charlie McAvoy, Alex Tuch

Scratches
Vladimir Sobotka (Healthy), Stefan Noesen (Healthy), Denis Gurianov (Healthy)

% Time on Ice - VEGAS

Lines # - Real PCT - Wanted PCT - Time Play
Normal Forward
1 - 32% - 35% - 16:39
2 - 28% - 30% - 14:44
3 - 23% - 25% - 12:12
4 - 17% - 10% - 8:43
Normal Defense
1 - 34% - 35% - 17:36
2 - 32% - 30% - 16:49
3 - 30% - 25% - 15:36
4 - 4% - 10% - 2:17
PP Forward
1 - 46% - 60% - 2:19
2 - 54% - 40% - 2:42
PP Defense
1 - 47% - 60% - 2:20
2 - 53% - 40% - 2:41
PK Forward
1 - 100% - 60% - 2:41
2 - 0% - 40% - 0:00
PK Defense
1 - 80% - 60% - 2:08
2 - 20% - 40% - 0:33
PK3 Forward
1 - 0% - 60%
2 - 0% - 40%
PK3 Defense
1 - 0% - 60%
2 - 0% - 40%
44 Forward
1 - 0% - 60%
2 - 0% - 40%
44 Defense
1 - 0% - 60%
2 - 0% - 40%
Last Minute Offensive  - 0:00
Last Minute Defensive  - 0:00
Total
Forward - 60:00
Defense - 60:00

% Time on Ice - DALLAS

Lines # - Real PCT - Wanted PCT - Time Play
Normal Forward
1 - 34% - 35% - 17:58
2 - 30% - 30% - 15:27
3 - 24% - 23% - 12:19
4 - 13% - 12% - 6:34
Normal Defense
1 - 33% - 34% - 17:26
2 - 32% - 33% - 16:38
3 - 30% - 23% - 15:26
4 - 5% - 10% - 2:48
PP Forward
1 - 48% - 55% - 1:17
2 - 52% - 45% - 1:24
PP Defense
1 - 39% - 60% - 1:03
2 - 61% - 40% - 1:38
PK Forward
1 - 70% - 60% - 3:31
2 - 30% - 40% - 1:30
PK Defense
1 - 63% - 50% - 3:10
2 - 37% - 50% - 1:51
PK3 Forward
1 - 0% - 60%
2 - 0% - 40%
PK3 Defense
1 - 0% - 60%
2 - 0% - 40%
44 Forward
1 - 0% - 60%
2 - 0% - 40%
44 Defense
1 - 0% - 60%
2 - 0% - 40%
Last Minute Offensive  - 0:00
Last Minute Defensive  - 0:00
Total
Forward - 60:00
Defense - 60:00

Play-by-Play

1st period


0:01 of 1st period - Sam Reinhart wins face-off versus Auston Matthews in neutral zone.
0:01 of 1st period - Sam Reinhart is hit by Auston Matthews.
0:05 of 1st period - Shot by Vladimir Tarasenko.
0:05 of 1st period - Stopped by Marc-Andre Fleury with a rebound.
1:01 of 1st period - Shot by Ondrej Kase.
1:01 of 1st period - Shot Misses the Net.
1:05 of 1st period - Shot by Josh Anderson.
1:05 of 1st period - Shot Misses the Net.
1:07 of 1st period - Shot by Jonathan Marchessault.
1:07 of 1st period - Stopped by Marc-Andre Fleury without a rebound.
1:08 of 1st period - Jason Spezza wins face-off versus Cody Glass in DALLAS zone.
1:14 of 1st period - Adam Boqvist is hit by Braydon Coburn and loses puck.
1:26 of 1st period - Shot by Max Comtois.
1:26 of 1st period - Shot Misses the Net.
1:47 of 1st period - Evgenii Dadonov is hit by Braydon Coburn and loses puck.
2:11 of 1st period - Off-side.
2:12 of 1st period - Jayce Hawryluk wins face-off versus Adam Lowry in neutral zone.
2:12 of 1st period - Noah Hanifin is hit by Timo Meier.
2:20 of 1st period - Shot by Timo Meier.
2:20 of 1st period - Stopped by Tristan Jarry without a rebound.
2:21 of 1st period - Ilya Mikheyev wins face-off versus Jonathan Marchessault in VEGAS zone.
2:24 of 1st period - Shot by Brady Skjei.
2:24 of 1st period - Shot Misses the Net.
2:35 of 1st period - Jonathan Marchessault is hit by Lawson Crouse and loses puck.
2:39 of 1st period - Devon Toews is hit by Brady Skjei and loses puck.
4:09 of 1st period - Noah Hanifin is hit by Timo Meier.
4:26 of 1st period - Charlie McAvoy is hit by Slater Koekkoek and loses puck.
5:01 of 1st period - Shot by Auston Matthews.
5:01 of 1st period - Stopped by Tristan Jarry with a rebound.
5:03 of 1st period - Shot by Auston Matthews.
5:03 of 1st period - Shot Misses the Net.
5:53 of 1st period - Icing by Brady Skjei.
5:54 of 1st period - Jonathan Marchessault wins face-off versus Jason Spezza in DALLAS zone.
6:01 of 1st period - Shot by Jonathan Marchessault.
6:01 of 1st period - Shot Blocked by Quinn Hughes.
6:03 of 1st period - Shot by Noah Hanifin.
6:03 of 1st period - Stopped by Marc-Andre Fleury without a rebound.
6:04 of 1st period - Sam Reinhart wins face-off versus Kirby Dach in DALLAS zone.
6:13 of 1st period - Shot by Oliver Bjorkstrand.
6:13 of 1st period - Goal by Oliver Bjorkstrand - VEGAS : 1 - DALLAS : 0.
6:14 of 1st period - Cody Glass wins face-off versus Auston Matthews in neutral zone.
6:27 of 1st period - Shot by Auston Matthews.
6:27 of 1st period - Shot Blocked by Noah Hanifin.
6:29 of 1st period - Shot by Travis Konecny.
6:29 of 1st period - Shot Misses the Net.
6:55 of 1st period - Shot by Auston Matthews.
6:55 of 1st period - Shot Blocked by Jake Muzzin.
7:19 of 1st period - Shot by Timo Meier.
7:19 of 1st period - Shot Misses the Net.
7:21 of 1st period - Shot by Adam Lowry.
7:21 of 1st period - Stopped by Tristan Jarry without a rebound.
7:22 of 1st period - Sam Reinhart wins face-off versus Jason Spezza in VEGAS zone.
7:52 of 1st period - Evgenii Dadonov is hit by Nikita Zadorov and loses puck.
8:36 of 1st period - Shot by Josh Anderson.
8:36 of 1st period - Stopped by Marc-Andre Fleury with a rebound.
8:58 of 1st period - Icing by Slater Koekkoek.
8:59 of 1st period - Auston Matthews wins face-off versus Jonathan Marchessault in VEGAS zone.
10:11 of 1st period - Sam Reinhart is hit by Brady Skjei and loses puck.
10:42 of 1st period - Sam Reinhart is hit by Adam Lowry.
11:01 of 1st period - Cody Glass is hit by Jakob Chychrun and loses puck.
11:09 of 1st period - Minor Penalty to Charlie McAvoy for Interference.
11:10 of 1st period - Adam Lowry wins face-off versus Jonathan Marchessault in DALLAS zone.
11:27 of 1st period - Shot by Josh Anderson.
11:27 of 1st period - Shot Blocked by Nikita Zaitsev.
12:09 of 1st period - Shot by Vladimir Tarasenko.
12:09 of 1st period - Shot Misses the Net.
12:45 of 1st period - Shot by Ondrej Kase.
12:45 of 1st period - Deflect By Max Comtois.
12:45 of 1st period - Stopped by Marc-Andre Fleury without a rebound.
12:46 of 1st period - Jonathan Marchessault wins face-off versus Auston Matthews in DALLAS zone.
12:55 of 1st period - Shot by Ondrej Kase.
12:55 of 1st period - Shot Misses the Net.
12:57 of 1st period - Shot by Josh Anderson.
12:57 of 1st period - Stopped by Marc-Andre Fleury without a rebound.
12:58 of 1st period - Adam Lowry wins face-off versus Cody Glass in DALLAS zone.
13:21 of 1st period - Shot by Auston Matthews.
13:21 of 1st period - Shot Misses the Net.
13:54 of 1st period - Shot by Max Comtois.
13:54 of 1st period - Shot Misses the Net.
14:17 of 1st period - Icing by Charlie McAvoy.
14:18 of 1st period - Jonathan Marchessault wins face-off versus Auston Matthews in DALLAS zone.
14:30 of 1st period - Shot by Jonathan Marchessault.
14:30 of 1st period - Shot Misses the Net.
14:32 of 1st period - Shot by Devon Toews.
14:32 of 1st period - Stopped by Marc-Andre Fleury without a rebound.
14:33 of 1st period - Sam Reinhart wins face-off versus Timo Meier in DALLAS zone.
14:34 of 1st period - Shot by Vladimir Tarasenko.
14:34 of 1st period - Shot Misses the Net.
14:52 of 1st period - Shot by Sam Reinhart.
14:52 of 1st period - Shot Blocked by Adam Boqvist.
14:59 of 1st period - Shot by Adam Lowry.
14:59 of 1st period - Deflect By Timo Meier.
14:59 of 1st period - Shot Hit the Post.
15:01 of 1st period - Shot by Kasperi Kapanen.
15:01 of 1st period - Deflect By Timo Meier.
15:01 of 1st period - Shot Blocked by Slater Koekkoek.
15:05 of 1st period - Shot by Adam Lowry.
15:05 of 1st period - Shot Misses the Net.
15:07 of 1st period - Shot by Kasperi Kapanen.
15:07 of 1st period - Shot Blocked by Braydon Coburn.
15:09 of 1st period - Shot by Timo Meier.
15:09 of 1st period - Shot Misses the Net.
15:11 of 1st period - Shot by Adam Boqvist.
15:11 of 1st period - Stopped by Tristan Jarry without a rebound.
15:12 of 1st period - Jason Spezza wins face-off versus Josh Anderson in VEGAS zone.
15:19 of 1st period - Shot by Evgenii Dadonov.
15:19 of 1st period - Stopped by Tristan Jarry with a rebound.
15:21 of 1st period - Shot by Charlie McAvoy.
15:21 of 1st period - Shot Misses the Net.
15:39 of 1st period - Off-side.
15:40 of 1st period - Max Comtois wins face-off versus Kirby Dach in neutral zone.
15:52 of 1st period - Icing by Adam Boqvist.
15:53 of 1st period - Kirby Dach wins face-off versus Sam Reinhart in DALLAS zone.
17:07 of 1st period - Shot by Kasperi Kapanen.
17:07 of 1st period - Stopped by Tristan Jarry without a rebound.
17:08 of 1st period - Auston Matthews wins face-off versus Jonathan Marchessault in VEGAS zone.
17:19 of 1st period - Auston Matthews is hit by Nikita Zadorov and loses puck.
17:23 of 1st period - Minor Penalty to Travis Konecny for Hooking.
17:24 of 1st period - Adam Lowry wins face-off versus Jonathan Marchessault in DALLAS zone.
17:47 of 1st period - Shot by Nikita Zadorov.
17:47 of 1st period - Stopped by Marc-Andre Fleury without a rebound.
17:48 of 1st period - Auston Matthews wins face-off versus Jonathan Marchessault in DALLAS zone.
17:56 of 1st period - Off-side.
17:57 of 1st period - Adam Lowry wins face-off versus Sam Reinhart in neutral zone.
18:12 of 1st period - Shot by Sam Reinhart.
18:12 of 1st period - Stopped by Marc-Andre Fleury with a rebound.
18:26 of 1st period - Shot by Oliver Bjorkstrand.
18:26 of 1st period - Goal by Oliver Bjorkstrand - VEGAS : 2 - DALLAS : 0.
18:27 of 1st period - Jason Spezza wins face-off versus Cody Glass in neutral zone.
19:24 of 1st period - Shot by Travis Konecny.
19:24 of 1st period - Stopped by Tristan Jarry without a rebound.
19:25 of 1st period - Josh Anderson wins face-off versus Adam Lowry in VEGAS zone.
Goals for this period are 2 for VEGAS vs 0 for DALLAS.
Shots for this period are 11 for VEGAS vs 7 for DALLAS.

2nd period


0:01 of 2nd period - Sam Reinhart wins face-off versus Auston Matthews in neutral zone.
0:05 of 2nd period - Off-side.
0:06 of 2nd period - Auston Matthews wins face-off versus Jonathan Marchessault in neutral zone.
1:04 of 2nd period - Shot by Timo Meier.
1:04 of 2nd period - Shot Misses the Net.
1:38 of 2nd period - Sam Reinhart is hit by Adam Lowry and loses puck.
1:48 of 2nd period - Off-side.
1:49 of 2nd period - Jason Spezza wins face-off versus Cody Glass in neutral zone.
2:20 of 2nd period - Shot by Alex Tuch.
2:20 of 2nd period - Stopped by Tristan Jarry without a rebound.
2:21 of 2nd period - Jonathan Marchessault wins face-off versus Auston Matthews in VEGAS zone.
3:04 of 2nd period - Mikko Rantanen is hit by Josh Anderson and loses puck.
3:40 of 2nd period - Slater Koekkoek is hit by Mikko Rantanen and loses puck.
3:44 of 2nd period - Icing by Slater Koekkoek.
3:45 of 2nd period - Adam Lowry wins face-off versus Jayce Hawryluk in VEGAS zone.
4:02 of 2nd period - Shot by Adam Lowry.
4:02 of 2nd period - Shot Misses the Net.
4:04 of 2nd period - Shot by Quinn Hughes.
4:04 of 2nd period - Shot Misses the Net.
5:23 of 2nd period - Shot by Oliver Bjorkstrand.
5:23 of 2nd period - Deflect By Vladimir Tarasenko.
5:23 of 2nd period - Stopped by Marc-Andre Fleury with a rebound.
5:40 of 2nd period - Lawson Crouse is hit by Nikita Zadorov.
6:20 of 2nd period - Icing by Kasperi Kapanen.
6:21 of 2nd period - Adam Lowry wins face-off versus Jonathan Marchessault in DALLAS zone.
6:47 of 2nd period - Auston Matthews is hit by Jonathan Marchessault.
7:01 of 2nd period - Off-side.
7:02 of 2nd period - Cody Glass wins face-off versus Jason Spezza in neutral zone.
7:23 of 2nd period - Shot by Evgenii Dadonov.
7:23 of 2nd period - Shot Misses the Net.
7:25 of 2nd period - Shot by Evgenii Dadonov.
7:25 of 2nd period - Shot Misses the Net.
7:27 of 2nd period - Shot by Brady Skjei.
7:27 of 2nd period - Shot Misses the Net.
8:03 of 2nd period - Shot by Colin Wilson.
8:03 of 2nd period - Shot Misses the Net.
8:53 of 2nd period - Icing by Auston Matthews.
8:54 of 2nd period - Auston Matthews wins face-off versus Vladimir Tarasenko in DALLAS zone.
9:03 of 2nd period - Shot by Travis Konecny.
9:03 of 2nd period - Goal by Travis Konecny - VEGAS : 2 - DALLAS : 1.
9:04 of 2nd period - Cody Glass wins face-off versus Adam Lowry in neutral zone.
9:08 of 2nd period - Minor Penalty to Adam Lowry for Hooking.
9:09 of 2nd period - Oliver Bjorkstrand wins face-off versus Lawson Crouse in DALLAS zone.
9:20 of 2nd period - Shot by Sam Reinhart.
9:20 of 2nd period - Shot Misses the Net.
9:22 of 2nd period - Shot by Devon Toews.
9:22 of 2nd period - Stopped by Marc-Andre Fleury without a rebound.
9:23 of 2nd period - Jason Spezza wins face-off versus Jonathan Marchessault in DALLAS zone.
9:29 of 2nd period - Icing by Josh Anderson.
9:30 of 2nd period - Jason Spezza wins face-off versus Jonathan Marchessault in VEGAS zone.
9:37 of 2nd period - Shot by Josh Anderson.
9:37 of 2nd period - Deflect By Ondrej Kase.
9:37 of 2nd period - Stopped by Marc-Andre Fleury without a rebound.
9:38 of 2nd period - Jason Spezza wins face-off versus Oliver Bjorkstrand in DALLAS zone.
9:38 of 2nd period - Jason Spezza is hit by Vladimir Tarasenko.
10:16 of 2nd period - Shot by Vladimir Tarasenko.
10:16 of 2nd period - Shot Misses the Net.
11:10 of 2nd period - Shot by Josh Anderson.
11:10 of 2nd period - Stopped by Marc-Andre Fleury with a rebound.
11:28 of 2nd period - Shot by Cody Glass.
11:28 of 2nd period - Stopped by Marc-Andre Fleury with a rebound.
11:30 of 2nd period - Shot by Braydon Coburn.
11:30 of 2nd period - Stopped by Marc-Andre Fleury without a rebound.
11:31 of 2nd period - Adam Lowry wins face-off versus Jayce Hawryluk in DALLAS zone.
11:31 of 2nd period - Charlie McAvoy is hit by Jayce Hawryluk and loses puck.
11:39 of 2nd period - Icing by Adam Lowry.
11:40 of 2nd period - Oliver Bjorkstrand wins face-off versus Adam Lowry in DALLAS zone.
12:20 of 2nd period - Off-side.
12:21 of 2nd period - Auston Matthews wins face-off versus Jonathan Marchessault in neutral zone.
12:23 of 2nd period - Brady Skjei is hit by Jake Muzzin and loses puck.
12:24 of 2nd period - Minor Penalty to Jake Muzzin for Slashing.
12:25 of 2nd period - Auston Matthews wins face-off versus Sam Reinhart in VEGAS zone.
12:34 of 2nd period - Shot by Auston Matthews.
12:34 of 2nd period - Stopped by Tristan Jarry without a rebound.
12:35 of 2nd period - Sam Reinhart wins face-off versus Timo Meier in VEGAS zone.
12:46 of 2nd period - Shot by Quinn Hughes.
12:46 of 2nd period - Stopped by Tristan Jarry with a rebound.
12:48 of 2nd period - Shot by Travis Konecny.
12:48 of 2nd period - Goal by Travis Konecny - VEGAS : 2 - DALLAS : 2.
12:49 of 2nd period - Jason Spezza wins face-off versus Cody Glass in neutral zone.
12:52 of 2nd period - Cody Glass is hit by Alex Tuch and loses puck.
14:00 of 2nd period - Shot by Jonathan Marchessault.
14:00 of 2nd period - Shot Misses the Net.
14:08 of 2nd period - Shot by Mikko Rantanen.
14:08 of 2nd period - Stopped by Tristan Jarry with a rebound.
14:24 of 2nd period - Shot by Auston Matthews.
14:24 of 2nd period - Shot Blocked by Noah Hanifin.
14:26 of 2nd period - Shot by Auston Matthews.
14:26 of 2nd period - Shot Misses the Net.
14:37 of 2nd period - Off-side.
14:38 of 2nd period - Sam Reinhart wins face-off versus Adam Lowry in neutral zone.
15:16 of 2nd period - Shot by Kasperi Kapanen.
15:16 of 2nd period - Shot Misses the Net.
15:49 of 2nd period - Vladimir Tarasenko is hit by Nikita Zaitsev and loses puck.
16:31 of 2nd period - Shot by Morgan Frost.
16:31 of 2nd period - Stopped by Marc-Andre Fleury with a rebound.
16:33 of 2nd period - Shot by Devon Toews.
16:33 of 2nd period - Stopped by Marc-Andre Fleury with a rebound.
16:56 of 2nd period - Noah Hanifin is hit by Alex Tuch and loses puck.
17:01 of 2nd period - Noah Hanifin is hit by Evgenii Dadonov and loses puck.
17:18 of 2nd period - Shot by Evgenii Dadonov.
17:18 of 2nd period - Goal by Evgenii Dadonov - VEGAS : 2 - DALLAS : 3.
17:19 of 2nd period - Jonathan Marchessault wins face-off versus Adam Lowry in neutral zone.
17:32 of 2nd period - Shot by Adam Lowry.
17:32 of 2nd period - Shot Misses the Net.
17:34 of 2nd period - Shot by Adam Lowry.
17:34 of 2nd period - Shot Blocked by Nikita Zadorov.
17:36 of 2nd period - Shot by Kasperi Kapanen.
17:36 of 2nd period - Shot Misses the Net.
17:38 of 2nd period - Shot by Adam Lowry.
17:38 of 2nd period - Deflect By Timo Meier.
17:38 of 2nd period - Shot Misses the Net.
17:40 of 2nd period - Shot by Kasperi Kapanen.
17:40 of 2nd period - Shot Misses the Net.
18:25 of 2nd period - Shot by Kirby Dach.
18:25 of 2nd period - Stopped by Tristan Jarry without a rebound.
18:26 of 2nd period - Auston Matthews wins face-off versus Sam Reinhart in VEGAS zone.
18:35 of 2nd period - Shot by Quinn Hughes.
18:35 of 2nd period - Shot Blocked by Slater Koekkoek.
18:37 of 2nd period - Shot by Travis Konecny.
18:37 of 2nd period - Stopped by Tristan Jarry with a rebound.
18:41 of 2nd period - Shot by Auston Matthews.
18:41 of 2nd period - Deflect By Mikko Rantanen.
18:41 of 2nd period - Shot Blocked by Slater Koekkoek.
18:43 of 2nd period - Shot by Auston Matthews.
18:43 of 2nd period - Stopped by Tristan Jarry without a rebound.
18:44 of 2nd period - Jason Spezza wins face-off versus Cody Glass in VEGAS zone.
18:47 of 2nd period - Shot by Alex Tuch.
18:47 of 2nd period - Shot Blocked by Jake Muzzin.
18:53 of 2nd period - Shot by Evgenii Dadonov.
18:53 of 2nd period - Shot Misses the Net.
18:55 of 2nd period - Shot by Alex Tuch.
18:55 of 2nd period - Goal by Alex Tuch - VEGAS : 2 - DALLAS : 4.
18:56 of 2nd period - Sam Reinhart wins face-off versus Auston Matthews in neutral zone.
19:04 of 2nd period - Minor Penalty to Oliver Bjorkstrand for Hooking.
19:05 of 2nd period - Auston Matthews wins face-off versus Sam Reinhart in VEGAS zone.
19:36 of 2nd period - Shot by Travis Konecny.
19:36 of 2nd period - Stopped by Tristan Jarry without a rebound.
19:37 of 2nd period - Mikko Rantanen wins face-off versus Sam Reinhart in VEGAS zone.
19:59 of 2nd period - Shot by Quinn Hughes.
19:59 of 2nd period - Shot Misses the Net.
Goals for this period are 0 for VEGAS vs 4 for DALLAS.
Shots for this period are 8 for VEGAS vs 12 for DALLAS.

3rd period


0:01 of 3rd period - Auston Matthews wins face-off versus Sam Reinhart in neutral zone.
0:20 of 3rd period - Shot by Auston Matthews.
0:20 of 3rd period - Stopped by Tristan Jarry without a rebound.
0:21 of 3rd period - Sam Reinhart wins face-off versus Evgenii Dadonov in VEGAS zone.
0:41 of 3rd period - Shot by Quinn Hughes.
0:41 of 3rd period - Shot Blocked by Jake Muzzin.
0:43 of 3rd period - Shot by Kasperi Kapanen.
0:43 of 3rd period - Shot Misses the Net.
0:47 of 3rd period - Shot by Quinn Hughes.
0:47 of 3rd period - Shot Blocked by Noah Hanifin.
0:49 of 3rd period - Shot by Quinn Hughes.
0:49 of 3rd period - Shot Misses the Net.
0:51 of 3rd period - Shot by Jakob Chychrun.
0:51 of 3rd period - Goal by Jakob Chychrun - VEGAS : 2 - DALLAS : 5.
0:52 of 3rd period - Morgan Frost wins face-off versus Kirby Dach in neutral zone.
1:08 of 3rd period - Lawson Crouse is hit by Nikita Zadorov.
1:23 of 3rd period - Ilya Mikheyev is hit by Nikita Zadorov and loses puck.
1:31 of 3rd period - Icing by Devon Toews.
1:32 of 3rd period - Auston Matthews wins face-off versus Cody Glass in VEGAS zone.
1:32 of 3rd period - Travis Konecny is hit by Nikita Zadorov and loses puck.
1:45 of 3rd period - Shot by Mikko Rantanen.
1:45 of 3rd period - Stopped by Tristan Jarry with a rebound.
1:46 of 3rd period - Minor Penalty to Nikita Zadorov for Interference.
1:47 of 3rd period - Sam Reinhart wins face-off versus Mikko Rantanen in VEGAS zone.
2:08 of 3rd period - Shot by Kasperi Kapanen.
2:08 of 3rd period - Shot Misses the Net.
2:10 of 3rd period - Shot by Jakob Chychrun.
2:10 of 3rd period - Shot Misses the Net.
2:12 of 3rd period - Shot by Mikko Rantanen.
2:12 of 3rd period - Shot Blocked by Jake Muzzin.
2:14 of 3rd period - Shot by Quinn Hughes.
2:14 of 3rd period - Shot Misses the Net.
2:16 of 3rd period - Shot by Mikko Rantanen.
2:16 of 3rd period - Goal by Mikko Rantanen - VEGAS : 2 - DALLAS : 6.
2:16 of 3rd period - Braden Holtby enters game.
2:17 of 3rd period - Ilya Mikheyev wins face-off versus Jayce Hawryluk in neutral zone.
2:56 of 3rd period - Shot by Lawson Crouse.
2:56 of 3rd period - Shot Misses the Net.
3:05 of 3rd period - Off-side.
3:06 of 3rd period - Auston Matthews wins face-off versus Sam Reinhart in neutral zone.
3:29 of 3rd period - Shot by Mikko Rantanen.
3:29 of 3rd period - Stopped by Braden Holtby with a rebound.
3:33 of 3rd period - Shot by Auston Matthews.
3:33 of 3rd period - Shot Blocked by Noah Hanifin.
4:52 of 3rd period - Shot by Josh Anderson.
4:52 of 3rd period - Shot Misses the Net.
5:06 of 3rd period - Jakob Chychrun is hit by Nikita Zadorov and loses puck.
5:47 of 3rd period - Shot by Cody Glass.
5:47 of 3rd period - Stopped by Marc-Andre Fleury with a rebound.
5:49 of 3rd period - Shot by Slater Koekkoek.
5:49 of 3rd period - Stopped by Marc-Andre Fleury without a rebound.
5:50 of 3rd period - Jayce Hawryluk wins face-off versus Auston Matthews in DALLAS zone.
6:25 of 3rd period - Shot by Auston Matthews.
6:25 of 3rd period - Stopped by Braden Holtby without a rebound.
6:26 of 3rd period - Cody Glass wins face-off versus Kirby Dach in VEGAS zone.
6:33 of 3rd period - Shot by Cody Glass.
6:33 of 3rd period - Stopped by Marc-Andre Fleury without a rebound.
6:34 of 3rd period - Jason Spezza wins face-off versus Jonathan Marchessault in DALLAS zone.
6:49 of 3rd period - Icing by Noah Hanifin.
6:50 of 3rd period - Mikko Rantanen wins face-off versus Jonathan Marchessault in VEGAS zone.
6:51 of 3rd period - Shot by Auston Matthews.
6:51 of 3rd period - Stopped by Braden Holtby without a rebound.
6:52 of 3rd period - Auston Matthews wins face-off versus Sam Reinhart in VEGAS zone.
7:01 of 3rd period - Shot by Auston Matthews.
7:01 of 3rd period - Stopped by Braden Holtby without a rebound.
7:02 of 3rd period - Adam Lowry wins face-off versus Ondrej Kase in VEGAS zone.
7:29 of 3rd period - Shot by Adam Lowry.
7:29 of 3rd period - Shot Misses the Net.
7:31 of 3rd period - Shot by Timo Meier.
7:31 of 3rd period - Stopped by Braden Holtby without a rebound.
7:32 of 3rd period - Auston Matthews wins face-off versus Sam Reinhart in VEGAS zone.
7:38 of 3rd period - Icing by Sam Reinhart.
7:39 of 3rd period - Sam Reinhart wins face-off versus Travis Konecny in VEGAS zone.
7:57 of 3rd period - Shot by Auston Matthews.
7:57 of 3rd period - Stopped by Braden Holtby without a rebound.
7:58 of 3rd period - Jonathan Marchessault wins face-off versus Adam Lowry in VEGAS zone.
8:32 of 3rd period - Shot by Ondrej Kase.
8:32 of 3rd period - Shot Misses the Net.
9:08 of 3rd period - Shot by Vladimir Tarasenko.
9:08 of 3rd period - Shot Misses the Net.
9:10 of 3rd period - Shot by Vladimir Tarasenko.
9:10 of 3rd period - Stopped by Marc-Andre Fleury without a rebound.
9:11 of 3rd period - Cody Glass wins face-off versus Jason Spezza in DALLAS zone.
9:11 of 3rd period - Cody Glass is hit by Nikita Zaitsev.
9:20 of 3rd period - Alex Tuch is hit by Max Comtois and loses puck.
9:43 of 3rd period - Evgenii Dadonov is hit by Slater Koekkoek and loses puck.
10:14 of 3rd period - Shot by Sam Reinhart.
10:14 of 3rd period - Shot Misses the Net.
10:16 of 3rd period - Shot by Nikita Zadorov.
10:16 of 3rd period - Stopped by Marc-Andre Fleury without a rebound.
10:17 of 3rd period - Jayce Hawryluk wins face-off versus Travis Konecny in DALLAS zone.
10:35 of 3rd period - Icing by Brady Skjei.
10:36 of 3rd period - Auston Matthews wins face-off versus Sam Reinhart in DALLAS zone.
10:53 of 3rd period - Shot by Travis Konecny.
10:53 of 3rd period - Stopped by Braden Holtby without a rebound.
10:54 of 3rd period - Jonathan Marchessault wins face-off versus Adam Lowry in VEGAS zone.
11:45 of 3rd period - Shot by Mikko Rantanen.
11:45 of 3rd period - Stopped by Braden Holtby without a rebound.
11:46 of 3rd period - Auston Matthews wins face-off versus Sam Reinhart in VEGAS zone.
12:15 of 3rd period - Shot by Sam Reinhart.
12:15 of 3rd period - Shot Misses the Net.
12:17 of 3rd period - Shot by Devon Toews.
12:17 of 3rd period - Stopped by Marc-Andre Fleury with a rebound.
12:29 of 3rd period - Vladimir Tarasenko is hit by Travis Konecny.
12:57 of 3rd period - Shot by Nikita Zaitsev.
12:57 of 3rd period - Stopped by Braden Holtby with a rebound.
12:59 of 3rd period - Shot by Adam Boqvist.
12:59 of 3rd period - Shot Blocked by Morgan Frost.
13:01 of 3rd period - Shot by Nikita Zaitsev.
13:01 of 3rd period - Stopped by Braden Holtby without a rebound.
13:02 of 3rd period - Jayce Hawryluk wins face-off versus Adam Lowry in VEGAS zone.
13:26 of 3rd period - Icing by Charlie McAvoy.
13:27 of 3rd period - Jonathan Marchessault wins face-off versus Adam Lowry in DALLAS zone.
13:30 of 3rd period - Shot by Ondrej Kase.
13:30 of 3rd period - Deflect By Josh Anderson.
13:30 of 3rd period - Shot Blocked by Adam Lowry.
13:33 of 3rd period - Icing by Jakob Chychrun.
13:34 of 3rd period - Sam Reinhart wins face-off versus Adam Lowry in DALLAS zone.
13:39 of 3rd period - Shot by Vladimir Tarasenko.
13:39 of 3rd period - Stopped by Marc-Andre Fleury without a rebound.
13:40 of 3rd period - Jason Spezza wins face-off versus Sam Reinhart in DALLAS zone.
14:01 of 3rd period - Alex Tuch is hit by Sam Reinhart and loses puck.
15:25 of 3rd period - Travis Konecny is hit by Slater Koekkoek and loses puck.
15:42 of 3rd period - Shot by Travis Konecny.
15:42 of 3rd period - Stopped by Braden Holtby without a rebound.
15:43 of 3rd period - Adam Lowry wins face-off versus Matt Luff in VEGAS zone.
15:53 of 3rd period - Shot by Kasperi Kapanen.
15:53 of 3rd period - Shot Blocked by Colin Wilson.
15:55 of 3rd period - Shot by Nikita Zaitsev.
15:55 of 3rd period - Shot Misses the Net.
16:01 of 3rd period - Shot by Kasperi Kapanen.
16:01 of 3rd period - Deflect By Timo Meier.
16:01 of 3rd period - Shot Misses the Net.
16:36 of 3rd period - Icing by Kirby Dach.
16:37 of 3rd period - Kirby Dach wins face-off versus Sam Reinhart in DALLAS zone.
16:37 of 3rd period - Kirby Dach is hit by Vladimir Tarasenko.
16:46 of 3rd period - Shot by Sam Reinhart.
16:46 of 3rd period - Stopped by Marc-Andre Fleury without a rebound.
16:47 of 3rd period - Auston Matthews wins face-off versus Jonathan Marchessault in DALLAS zone.
17:06 of 3rd period - Shot by Mikko Rantanen.
17:06 of 3rd period - Shot Blocked by Braydon Coburn.
17:08 of 3rd period - Shot by Mikko Rantanen.
17:08 of 3rd period - Shot Misses the Net.
17:10 of 3rd period - Shot by Mikko Rantanen.
17:10 of 3rd period - Goal by Mikko Rantanen - VEGAS : 2 - DALLAS : 7.
17:11 of 3rd period - Adam Lowry wins face-off versus Sam Reinhart in neutral zone.
17:32 of 3rd period - Shot by Timo Meier.
17:32 of 3rd period - Stopped by Braden Holtby without a rebound.
17:33 of 3rd period - Mikko Rantanen wins face-off versus Morgan Frost in VEGAS zone.
17:38 of 3rd period - Shot by Auston Matthews.
17:38 of 3rd period - Shot Misses the Net.
18:07 of 3rd period - Auston Matthews is hit by Max Comtois and loses puck.
18:51 of 3rd period - Oliver Bjorkstrand is hit by Adam Lowry and loses puck.
19:15 of 3rd period - Adam Lowry is hit by Josh Anderson and loses puck.
19:23 of 3rd period - Jonathan Marchessault is hit by Jakob Chychrun and loses puck.
19:29 of 3rd period - Icing by Charlie McAvoy.
19:30 of 3rd period - Adam Lowry wins face-off versus Jayce Hawryluk in DALLAS zone.
19:30 of 3rd period - Adam Lowry is hit by Jayce Hawryluk.
Goals for this period are 0 for VEGAS vs 3 for DALLAS.
Shots for this period are 8 for VEGAS vs 17 for DALLAS.